Cogmind - Beta 16 @@@ ROGUE MODE // 2025.12.17 @ 10:22:05 Player: Red Box Result: Destroyed by H-55 Commando with Gauss Rifle Performance ------------- Evolutions (2) 1000 Regions Visited (10) 2000 Robots Destroyed (254) 1270 Value Destroyed (10672) 10672 Prototype IDs (24) 480 Alien Tech Used (0) 0 Bonus (3484) 3484 TOTAL SCORE: 18906 Bonus ------- High Alert Combat Kills 2284 Follower Combat Kills 894 Entered Garrisons 600 Friendly Fire -294 Cogmind --------- Core Integrity 0/550 Matter 200/300 Energy 265/265 System Corruption 14% Temperature Cool (12) Movement Treading (410) Ox3 Location -8/Materials Parts ------- > --- POWER (1) -------- Reinforced Ion Engine > --- PROPULSION (2) --- Armored Treads Compact Wheel > --- UTILITY (6) ------ High-capacity Storage Unit Advanced Targeting Computer Target Analyzer Recoil Stabilizer Hardened Light Armor Plating > --- WEAPON (2) ------- Flak Cannon Flak Cannon > --- INVENTORY (20) --- Improved Deuterium Engine Armored Treads Armored Treads Thermal Generator Advanced Heat Sink High-capacity Battery (250) High-capacity Matter Pod (200) Particle Charger Centrium Light Armor Plating Authchip [R/NC] Trap Extractor (4/4 Armageddon) Shock Rifle Shock Rifle 01-MTF's Shockpuncher Cooled Plasma Cannon Enhanced Autogun Enhanced Autogun Advanced EMP Blaster Advanced EMP Blaster Great Maul Peak State ------------ > --- POWER ------------ Light Nuclear Core > --- PROPULSION ------- Armored Treads Armored Wheel > --- UTILITY ---------- High-capacity Storage Unit Advanced Targeting Computer Core Analyzer Transmission Jammer Layered Light Armor Plating System Shield > --- WEAPON ----------- Cooled Plasma Cannon Advanced Assault Cannon > --- INVENTORY -------- Armored Treads Armored Wheel Thermal Generator Improved Heat Sink High-capacity Battery High-capacity Matter Pod Particle Charger Layered Light Armor Plating Centrium Light Armor Plating Authchip [R/NC] Trap Extractor 01-MTF's Shockpuncher Heavy Particle Gun Enhanced Autogun Enhanced Autogun Advanced Assault Cannon Advanced EMP Blaster Advanced EMP Blaster Great Maul [Rating: 44] Favorites ----------- Power Improved Ion Engine Engine Improved Ion Engine Power Core Light Nuclear Core Propulsion Armored Wheel Treads Improved Treads Leg Aluminum Leg Wheel Armored Wheel Utility Advanced Targeting Computer Device Improved Heat Sink Storage High-capacity Storage Unit Processor Advanced Targeting Computer Hackware Hacking Suite Protection Light Armor Plating Weapon Heavy EM Shotgun Energy Gun Heavy EM Shotgun Energy Cannon Light EM Pulse Cannon Ballistic Gun Enhanced Autogun Ballistic Cannon Light Cannon Launcher Advanced EMP Blaster Special Weapon Mining Laser Impact Weapon Heavy Mace Slashing Weapon Axe Special Melee Weapon Datajack Build | -11 -10 -10 -9 -9 -9 -8 -8 -8 -8 -8 ------- Run | Yrd Mat Min Mat Sto Gar Mat Gar Mat Gar Mat Slots Evolved 4 | . . . 2 . . 2 . . . . Power . | . . . . . . . . . . . Propulsion . | . . . . . . . . . . . Utility 4 | . . . 2 . . 2 . . . . Weapon . | . . . . . . . . . . . Parts Attached 130 | 7 10 3 24 21 9 18 9 9 8 12 Power 15 | 1 . 1 3 3 . 2 1 1 1 2 Engine 14 | 1 . 1 3 3 . 2 1 . 1 2 Core 1 | . . . . . . . . 1 . . Reactor . | . . . . . . . . . . . Propulsion 27 | 2 3 . 3 3 1 4 2 2 4 3 Treads 18 | . 1 . 3 1 1 3 2 1 4 2 Leg 2 | 2 . . . . . . . . . . Wheel 7 | . 2 . . 2 . 1 . 1 . 1 Hover . | . . . . . . . . . . . Flight . | . . . . . . . . . . . Utility 44 | 2 1 1 8 8 3 9 3 4 3 2 Device 13 | 1 . . 1 4 . 3 2 . 1 1 Storage 4 | 1 1 . 1 . . . . 1 . . Processor 5 | . . . 2 . . 1 . 1 1 . Hackware 8 | . . . 1 2 . 3 . 2 . . Protection 14 | . . 1 3 2 3 2 1 . 1 1 Artifact . | . . . . . . . . . . . Weapon 44 | 2 6 1 10 7 5 3 3 2 . 5 Energy Gun 10 | 2 . . 2 1 2 . 1 1 . 1 Energy Cannon 5 | . 1 . 3 1 . . . . . . Ballistic Gun 8 | . 2 . 1 1 . 2 . . . 2 Ballistic Cannon 10 | . 2 1 1 2 2 . . . . 2 Launcher 4 | . . . 1 . 1 1 1 . . . Special Weapon 1 | . 1 . . . . . . . . . Impact Weapon 2 | . . . 1 . . . . 1 . . Slashing Weapon 1 | . . . 1 . . . . . . . Piercing Weapon . | . . . . . . . . . . . Special Melee Weapon 3 | . . . . 2 . . 1 . . . Unidentified Prototypes 6 | . . . . 4 . 2 . . . . Parts Lost 31 | . 2 . 3 1 2 4 5 3 6 5 Power 6 | . . . 1 1 . . 1 1 1 1 Propulsion 8 | . 1 . 1 . 1 1 1 1 2 . Utility 10 | . . . 1 . . 2 2 1 2 2 Weapon 7 | . 1 . . . 1 1 1 . 1 2 Highest Loss Streak 3 | . 2 . 2 1 1 1 2 1 2 3 To Critical Strikes . | . . . . . . . . . . . Average Backups 18 | 5 10 14 19 19 19 19 19 19 19 19 Power . | . 1 . 1 . . . . . 2 2 Propulsion 3 | 3 3 3 3 3 3 3 2 1 1 1 Utility 6 | . 1 3 5 6 8 8 8 9 7 8 Weapon 7 | 1 4 7 7 8 7 7 8 8 7 7 Tool/Special . | . . . . . . . . . . . Unused Backups 38 | . 2 4 10 2 . 4 1 2 1 12 Power 4 | . 1 1 . . . 1 . . . 1 Propulsion 6 | . . . 2 . . 1 1 1 . 1 Utility 12 | . 1 . 3 . . 1 . 1 . 6 Weapon 13 | . . 3 5 1 . 1 . . . 3 Tool/Special 3 | . . . . 1 . . . . 1 1 Average Slot Usage (%) 99 | . 99 100 99 99 99 99 99 94 98 99 Engine 9 | . 13 14 10 11 11 8 8 3 6 9 Treads 10 | . 6 14 10 11 11 8 8 8 16 17 Wheel 9 | . 6 14 11 10 11 8 9 9 1 . Device 8 | . 14 1 2 9 11 9 17 9 9 8 Storage 10 | . 14 14 11 11 11 9 9 9 9 9 Processor 13 | . . . 11 11 11 18 18 18 25 22 Hackware 3 | . . . 5 3 . 8 . 9 1 . Protection 9 | . . 12 12 9 11 8 8 8 8 12 Energy Gun 8 | . 14 . 1 14 11 8 9 5 . 7 Energy Cannon 2 | . . . 14 . . . . . . . Ballistic Gun 1 | . . . . . . 2 3 3 12 7 Ballistic Cannon 4 | . 10 28 4 . 7 6 . 2 . . Impact Weapon 2 | . . . . 3 2 1 1 3 3 1 Peak Build Rating 44 | 9 10 10 25 33 35 42 42 44 41 39 Average Rating 28 | 5 9 8 19 27 33 39 38 39 37 35 On Entrance 25 | . 9 10 9 25 33 32 42 39 41 37 Avg Prop Armor Cover (%) 8 | . 10 10 8 9 6 7 8 11 10 8 Naked Turns . | . . . . . . . . . . . Heaviest Build 72 | 15 32 32 61 67 71 71 67 62 62 72 Greatest Support 40 | 20 20 20 16 23 23 12 12 12 40 40 Greatest Overweight (x) 6 | 1 3 1 6 6 5 5 5 5 5 4 Average Overweight (x) 3 | . 1 1 4 4 4 5 4 4 1 1 Largest Inventory Capacity 20 | 8 15 15 20 20 20 20 20 20 20 20 Average Capacity 19 | 7 14 15 19 20 20 20 20 20 20 20 Most Carried 20 | 7 15 15 20 20 20 20 20 20 20 20 Average Carried 18 | 5 10 14 19 19 19 19 19 19 19 19 Final Capacity 20 | 8 15 15 20 20 20 20 20 20 20 20 Final Carried 20 | 7 14 15 20 20 20 19 19 19 20 20 Class Distribution -------------------- 52% | Mutant 28% | Commander-Mutant 17% | Scavenger-Mutant Dominant Class ---------------- Mutant | -10/Materials Mutant | -10/Mines Mutant | -9/Materials Commander-Mutant | -9/Storage Mutant | -9/Garrison Mutant | -8/Materials Mutant | -8/Garrison Mutant | -8/Materials Scavenger-Mutant | -8/Garrison Scavenger-Mutant | -8/Materials Resources | -11 -10 -10 -9 -9 -9 -8 -8 -8 -8 -8 ----------- Run | Yrd Mat Min Mat Sto Gar Mat Gar Mat Gar Mat Matter Collected 5683 | 270 519 126 586 455 676 920 529 566 716 320 Remotely . | . . . . . . . . . . . Salvage Created 10334 | 210 507 216 1022 1420 773 1877 1260 936 1116 997 Parts 529 | 13 27 11 59 67 40 78 67 57 64 46 Haulers Intercepted 16 | . 2 . 3 5 . 3 . 2 . 1 Recyclers Shooed 3 | . . . . 1 . . . 1 . 1 Parts Field Recycled . | . . . . . . . . . . . Retrieved Matter . | . . . . . . . . . . . Parts Self-Destructed . | . . . . . . . . . . . Prevented . | . . . . . . . . . . . Parts Restored . | . . . . . . . . . . . Kills | -11 -10 -10 -9 -9 -9 -8 -8 -8 -8 -8 ------- Run | Yrd Mat Min Mat Sto Gar Mat Gar Mat Gar Mat Combat Hostiles Destroyed 182 | . 9 7 16 19 19 31 29 11 27 14 Melee 3 | . . . . . . . . . 2 1 Guns 103 | . 5 . 3 17 8 21 18 6 17 8 Cannons 33 | . 2 7 9 . 7 5 . 3 . . AOE 33 | . 2 . 3 2 2 4 9 2 5 4 Classes Destroyed 18 | 2 5 . 3 2 3 1 1 . 1 . Worker 7 | . . . . 6 . 1 . . . . Builder 9 | . 1 . 2 1 . 3 . 2 . . Tunneler 6 | 5 . . . . . . . . . 1 Hauler 16 | . 2 . 3 5 . 3 . 2 . 1 Recycler 13 | 1 . . 3 3 . 1 . 3 . 2 Mechanic 1 | . . . . 1 . . . . . . Operator 3 | . . . 1 1 . . . 1 . . Watcher 15 | . 3 . 1 1 . 4 . 4 . 2 Swarmer 40 | . 3 2 5 4 3 4 9 2 6 2 Cutter 2 | . . . . . . . . . 2 . Grunt 88 | . 6 5 4 10 9 19 11 2 13 9 Brawler 2 | . . . 1 . . . . 1 . . Duelist 3 | . . . . . . 2 . 1 . . Sentry 33 | . . . 6 5 . 6 4 4 5 3 Specialist 1 | . . . . . . . 1 . . . Hunter 8 | . . . . . 3 . 4 1 . . Programmer 6 | . . . . . 4 . . . 2 . Behemoth 1 | . . . . . 1 . . . . . Best Kill Streak 9 | 6 3 2 3 5 3 9 7 4 7 5 Combat Bots Only 7 | . 2 2 3 5 3 6 7 4 7 4 Max Kills in Single Turn 4 | 2 1 1 2 2 2 4 2 1 2 2 Gunslinging 1 | . . . . 1 1 1 . . . . Exploded 2 | . 1 . 2 1 2 2 2 1 1 2 Melee 1 | . . . . . . . . . 1 1 Uniques/NPCs Destroyed . | . . . . . . . . . . . Combat | -11 -10 -10 -9 -9 -9 -8 -8 -8 -8 -8 -------- Run | Yrd Mat Min Mat Sto Gar Mat Gar Mat Gar Mat Hostile Shots Fired 647 | . 48 27 49 44 74 121 80 37 106 61 Missed 175 | . 11 9 16 14 24 43 22 4 16 16 Hits 472 | . 37 18 33 30 50 78 58 33 90 45 Melee 11 | . . . . . . 6 . 2 3 . Projectile 461 | . 37 18 33 30 50 72 58 31 87 45 AOE 1 | . . . . . . 1 . . . . Critical Strikes 20 | . 1 . . 1 4 5 3 . 3 3 Part Disruptions 1 | . . . . 1 . . . . . . Damage Taken 7840 | . 434 244 477 554 969 1472 909 655 1317 809 Core 984 | . 33 44 95 91 154 179 97 76 106 109 Absorbed by Shields 12 | . . . . . 12 . . . . . Redirected to Shielding 15 | . . 2 13 . . . . . . . Regen/Repaired (Parts) 981 | . 56 . 81 173 . 279 . 392 . . Core Remaining (%) 61 | 100 . 69 . . 15 . . . . . Volleys Fired 535 | 6 45 12 57 25 72 103 77 46 56 36 Largest 2 | 2 2 2 2 2 2 2 2 2 2 2 Hottest 112 | 80 100 60 112 100 100 100 105 80 50 105 Shots Fired 955 | 12 87 24 107 50 112 179 119 88 108 69 Gun 637 | 12 64 . 10 50 50 123 105 59 102 62 Cannon 282 | . 20 24 94 . 60 53 1 27 1 2 Launcher 33 | . . . 3 . 2 3 13 2 5 5 Special 3 | . 3 . . . . . . . . . Kinetic 461 | . 29 24 57 . 60 87 20 55 103 26 Thermal 34 | . 6 . 7 . . . 1 9 . 11 Explosive 3 | . . . 3 . . . . . . . Electromagnetic 457 | 12 52 . 40 50 52 92 98 24 5 32 Robot Hit Streak 25 | 7 8 3 21 13 16 23 25 19 20 12 Robot Miss Streak 5 | 2 5 4 4 2 5 4 3 5 4 2 Penetration Max . | . . . . . . . . . . . Secondary Targets 19 | . . . . 7 1 6 3 1 1 . Max Gunslinging Chain 1 | . . . . 1 1 1 1 1 1 . Shots Hit Robots 659 | 9 42 9 68 67 71 127 64 62 87 53 Core Hits 373 | 6 20 9 33 37 31 80 51 31 42 33 Critical Kills 3 | . . . . . . . . . 2 1 Critical Parts Destroyed 13 | . . . . 5 3 2 . . 2 1 Critical Strikes 31 | . 1 1 2 6 8 2 . 2 4 5 Burn 1 | . . . . . . . . 1 . . Destroy 2 | . . . . . . . . . 1 1 Blast 10 | . 1 1 2 . 5 . . 1 . . Corrupt 3 | . . . . . . . . . . 3 Smash 15 | . . . . 6 3 2 . . 3 1 Melee Attacks 183 | . . . 5 33 24 26 29 15 37 14 Impact 169 | . . . 1 27 24 26 25 15 37 14 Slashing 4 | . . . 4 . . . . . . . Piercing . | . . . . . . . . . . . Sneak Attacks 29 | . . . 1 18 . 3 4 2 1 . Combat Hostiles 1 | . . . . . . . . . 1 . Follow-up Attacks . | . . . . . . . . . . . Damage Inflicted 18844 | 203 837 194 1871 2437 2075 3500 2166 1702 2245 1614 Guns 8253 | 100 438 . 188 907 478 2121 1051 825 1311 834 Cannons 3809 | . 235 194 1227 . 1054 466 . 607 . 26 Explosions 3662 | 103 164 . 371 248 248 555 1090 139 205 539 Melee 3101 | . . . 85 1267 295 355 25 131 728 215 Ramming 19 | . . . . 15 . 3 . . 1 . Kinetic 5749 | . 269 194 690 . 1054 854 198 880 1311 299 Thermal 1786 | 103 200 . 68 248 146 270 242 136 11 362 Explosive 303 | . . . 303 . . . . . . . Electromagnetic 7886 | 100 368 . 725 907 580 2018 1701 555 194 738 Impact 3016 | . . . . 1267 295 355 25 131 728 215 Slashing 85 | . . . 85 . . . . . . . Piercing . | . . . . . . . . . . . Highest Corruption 14 | . . . . . 4 . 1 14 14 14 Average Corruption 7 | . . . . . 3 . 1 3 14 14 Corruption Purged . | . . . . . . . . . . . Corruption Blocked . | . . . . . . . . . . . Effects 136 | . . . . . 12 . 4 31 50 39 Message Errors 32 | . . . . . 2 . 3 3 11 13 Matter Fused 27 | . . . . . 3 . . 8 10 6 Heat Flow Errors 25 | . . . . . 2 . . 8 9 6 Energy Discharges 13 | . . . . . 1 . 1 3 3 5 Parts Rejected 3 | . . . . . . . . 2 . 1 Parts Fused 1 | . . . . . . . . . . 1 Data Loss (minor) 16 | . . . . . 1 . . 4 8 3 Data Loss (major) 7 | . . . . . . . . 3 4 . Misfires 8 | . . . . . 3 . . . 3 2 Alerts 2 | . . . . . . . . . 2 . Misdirections 1 | . . . . . . . . . . 1 Weapon Failures 1 | . . . . . . . . . . 1 Overload Shots 1 | . . . . . . . 1 . . . Overflow Damage 1437 | . . . 141 642 200 176 . 105 141 32 Projectiles 190 | . . . 59 . 103 14 . 14 . . Explosions 122 | . . . 82 9 16 15 . . . . Melee 1125 | . . . . 633 81 147 . 91 141 32 Knockbacks 43 | . 2 1 5 4 15 5 . 7 . 4 Impact 12 | . . . . 4 1 2 . 1 . 4 Kinetic 26 | . 2 1 4 . 10 3 . 6 . . Secondary 5 | . . . 1 . 4 . . . . . Self-Inflicted Damage 501 | . . . 69 83 50 79 92 24 62 42 Shots 18 | . . . 2 3 1 2 4 1 2 3 Rammed 3 | . . . . 1 . 1 . . 1 . Targets Rammed 3 | . . . . 1 . 1 . . 1 . Kicked . | . . . . . . . . . . . Crushed . | . . . . . . . . . . . Highest Temperature 393 | 72 239 66 216 165 236 243 110 266 260 393 Average Temperature 61 | 30 78 34 57 60 44 50 18 75 102 75 Received Heat Transfer 2559 | . 240 126 72 144 90 609 279 90 495 414 Effects 1 | . . . . . . . . . . 1 Shutdowns 1 | . . . . . . . . . . 1 Siege Activations . | . . . . . . . . . . . Martial Activations . | . . . . . . . . . . . Shielding Activations . | . . . . . . . . . . . Robots Disrupted 2 | . . . . . . 1 . . . 1 Combat Hostiles 2 | . . . . . . 1 . . . 1 Robots Corrupted 27 | . 1 . 1 11 3 4 2 1 3 1 Combat Hostiles 10 | . . . 1 . 2 1 2 . 3 1 Parts Fried 70 | 1 5 . 6 15 7 14 10 4 3 5 Impact Corruptions 45 | . . . . 26 4 4 . 3 6 2 Robots Melted . | . . . . . . . . . . . Combat Hostiles . | . . . . . . . . . . . Parts Melted 3 | . . . 1 1 . . . . . 1 Heat Transferred 2739 | 100 224 . 100 400 250 450 223 309 50 633 Parts Sabotaged . | . . . . . . . . . . . Parts Stolen . | . . . . . . . . . . . Parts Stripped . | . . . . . . . . . . . Power Chain Reactions 30 | 2 3 . 1 4 2 4 4 2 3 5 Alert | -11 -10 -10 -9 -9 -9 -8 -8 -8 -8 -8 ------- Run | Yrd Mat Min Mat Sto Gar Mat Gar Mat Gar Mat Maximum Alert Level 5 | . . . . 1 5 4 5 3 3 2 Low Security (%) 54 | 100 100 100 100 96 9 . . . . . Level 1 7 | . . . . 3 7 . . 53 19 . Level 2 11 | . . . . . 19 20 . 33 22 100 Level 3 14 | . . . . . 35 39 25 13 58 . Level 4 10 | . . . . . 24 39 45 . . . Level 5 2 | . . . . . 3 . 28 . . . High Security . | . . . . . . . . . . . Max Security . | . . . . . . . . . . . Peak Influence 1995 | 20 125 96 141 235 1615 1251 1995 972 1066 620 Initial 972 | . 6 12 1 55 87 787 805 972 204 519 Average 424 | 5 27 18 30 98 847 964 1420 461 633 567 Influence Increases 8808 | 30 386 223 772 910 1658 1660 1320 463 922 464 Destroy 0b10 Robot/C 4400 | . 180 160 380 420 560 940 720 220 540 280 Destroy 0b10 Robot/NC 395 | 30 30 . 65 95 20 65 . 60 . 30 Destroy Leader 760 | . 50 20 134 114 10 194 40 92 30 76 Allied During Kill 444 | . . 7 40 25 154 182 35 . 1 . Trap Triggered on 0b10 10 | . . . . . . . 10 . . . Successful Hack 252 | . 34 6 49 44 14 23 16 50 16 . Select Force Hacks 120 | . 60 . 30 30 . . . . . . Disable Machine 375 | . . 30 45 105 45 90 30 15 . 15 Anti-Garrison Action 1250 | . . . . . 700 . 350 . 200 . Destroy Structure 457 | . 17 . 29 17 155 61 74 26 60 18 Partial Spotted 45 | . . . . . . 30 . . . 15 Lose Combat Pursuer 300 | . 15 . . 60 . 75 45 . 75 30 Influence Decreases 8249 | 20 363 251 646 906 178 2036 564 2143 171 971 Entered New Map 3096 | . 4 21 4 76 48 828 434 1023 111 547 Time Decay 3555 | 20 339 210 524 770 . 708 . 610 . 374 Lost Part 300 | . 20 . 20 10 20 40 50 30 60 50 Lost Ally 490 | . . 20 40 50 110 160 80 30 . . Purge Threat 808 | . . . 58 . . 300 . 450 . . Squads Dispatched 23 | . 3 1 2 4 . 11 . 1 . 1 Investigation 11 | . 3 1 2 2 . 3 . . . . Extermination . | . . . . . . . . . . . Reinforcement 5 | . . . . 2 . 1 . 1 . 1 Assault 4 | . . . . . . 4 . . . . Garrison 3 | . . . . . . 3 . . . . Intercept . | . . . . . . . . . . . Searches Triggered . | . . . . . . . . . . . Unchained Authorized 1 | . . . . . . . . 1 . . Construction Impeded 2 | . . . . . . . . 1 . 1 Haulers Reinforced . | . . . . . . . . . . . Active Scanning Responses . | . . . . . . . . . . . Cargo Convoy Interrupts . | . . . . . . . . . . . Stealth | -11 -10 -10 -9 -9 -9 -8 -8 -8 -8 -8 --------- Run | Yrd Mat Min Mat Sto Gar Mat Gar Mat Gar Mat Distress Signals 16 | . 1 . 3 2 . 6 . 2 . 2 Communications Jammed 13 | . . . . . . 11 . 2 . . Distress Signals 13 | . . . . . . 11 . 2 . . Times Spotted 286 | . 13 10 34 28 23 69 38 24 27 20 Peak Tracking Total 7 | . 3 3 4 6 3 7 4 3 5 3 Tactical Retreats 16 | . 1 . . 2 . 4 3 . 4 2 Traps | -11 -10 -10 -9 -9 -9 -8 -8 -8 -8 -8 ------- Run | Yrd Mat Min Mat Sto Gar Mat Gar Mat Gar Mat Traps Triggered 28 | . 2 . 1 1 6 2 7 2 7 . Indirectly 3 | . . . . . . . 3 . . . Trap Hack Attempts 67 | . . . . 64 . . 3 . . . Triggered 1 | . . . . 1 . . . . . . Disarmed . | . . . . . . . . . . . Reprogrammed 14 | . 5 . . 8 . . 1 . . . Reused 3 | . . . . 2 . . 1 . . . Traps Extracted 7 | . . . . 7 . . . . . . Installed 2 | . . . . 2 . . . . . . Triggered 1 | . . . . . . . 1 . . . Most Traps Carried 5 | . . . . 5 4 4 4 4 4 4 Machines | -11 -10 -10 -9 -9 -9 -8 -8 -8 -8 -8 ---------- Run | Yrd Mat Min Mat Sto Gar Mat Gar Mat Gar Mat Machines Disabled 43 | . . 3 3 7 12 6 8 1 2 1 Max in Single Turn 1 | . . 1 1 1 1 1 1 1 1 1 Garrison Relay 15 | . . . . . 8 . 5 . 2 . Machines Repaired . | . . . . . . . . . . . Machines Dismantled . | . . . . . . . . . . . Machines Sabotaged . | . . . . . . . . . . . Overloaded Fab Kills . | . . . . . . . . . . . Hacking | -11 -10 -10 -9 -9 -9 -8 -8 -8 -8 -8 --------- Run | Yrd Mat Min Mat Sto Gar Mat Gar Mat Gar Mat Machines Accessed 81 | . 10 2 17 13 1 15 3 15 1 4 Terminals 56 | . 7 1 12 8 1 9 3 10 1 4 Fabricators . | . . . . . . . . . . . Repair Stations 7 | . 1 . 2 2 . 1 . 1 . . Recycling Units 10 | . 2 . 2 2 . 2 . 2 . . Scanalyzers 4 | . . . 1 . . 2 . 1 . . Garrison Access 3 | . . . . 1 . 1 . 1 . . Total Hacks 311 | . 37 3 63 38 2 65 4 87 3 9 Successful 198 | . 26 3 52 29 1 36 1 48 1 1 Failed 111 | . 11 . 10 8 1 29 3 39 2 8 Catastrophic 13 | . . . 1 . 1 5 3 1 1 1 Database Lockouts 2 | . . . 1 1 . . . . . . Manual 178 | . 24 2 35 19 1 33 1 60 . 3 Terminals 208 | . 28 2 37 23 2 41 4 59 3 9 Fabricators . | . . . . . . . . . . . Repair Stations 33 | . 2 . 8 7 . 9 . 7 . . Recycling Units 44 | . 7 . 8 5 . 7 . 17 . . Scanalyzers 18 | . . . 10 . . 6 . 2 . . Garrison Access 7 | . . . . 3 . 2 . 2 . . Terminal Hacks 54 | . 9 3 8 9 1 7 1 15 1 . Robot Schematic 3 | . . . . 2 . . . 1 . . Robot Analysis 13 | . 3 2 1 3 . 1 . 3 . . Prototype ID Bank 7 | . 3 . 2 . . . . 2 . . Open Door 4 | . . 1 . 3 . . . . . . Emergency Access Points 1 | . . . . . 1 . . . . . Terminal Index 2 | . . . 1 . . . . 1 . . Alert Level 2 | . . . . . . 1 . 1 . . Unreport Threat 6 | . . . 1 . . 2 . 3 . . Locate Traps 7 | . 1 . 1 1 . 3 . 1 . . Reprogram Traps 1 | . 1 . . . . . . . . . Recall Investigation 1 | . 1 . . . . . . . . . Hauler Manifests 1 | . . . 1 . . . . . . . Registered Components 1 | . . . . . . . . 1 . . Zone Layout 3 | . . . 1 . . . . 2 . . Security Stations 2 | . . . . . . . 1 . 1 . Fabricator Hacks . | . . . . . . . . . . . Repair Station Hacks 30 | . 2 . 8 6 . 8 . 6 . . Scan Component 15 | . 1 . 4 3 . 4 . 3 . . Repair 15 | . 1 . 4 3 . 4 . 3 . . Recycling Unit Hacks 10 | . 2 . 2 2 . 2 . 2 . . Retrieve Components 10 | . 2 . 2 2 . 2 . 2 . . Scanalyzer 12 | . . . 10 . . 2 . . . . Insert Component 6 | . . . 5 . . 1 . . . . Analyze 6 | . . . 5 . . 1 . . . . Garrison Access Hacks 3 | . . . . 1 . 1 . 1 . . Unlock Access 3 | . . . . 1 . 1 . 1 . . Unauthorized Hacks 89 | . 13 . 24 11 . 16 . 24 . 1 Terminals 68 | . 10 . 20 7 . 12 . 18 . 1 Track 6 | . 1 . 2 . . 1 . 2 . . Assimilate 5 | . . . 3 . . . . 2 . . Botnet 15 | . 3 . 3 2 . 3 . 4 . . Operators 5 | . 1 . 1 . . 1 . 2 . . Skim 37 | . 5 . 11 5 . 7 . 8 . 1 Fabricators . | . . . . . . . . . . . Repair Stations . | . . . . . . . . . . . Recycling Units 17 | . 3 . 4 2 . 3 . 5 . . Monitor 1 | . . . . . . . . 1 . . Reject 6 | . . . 1 1 . 2 . 2 . . Recyclers 2 | . . . 1 . . . . 1 . . Mask 4 | . 1 . 1 . . 1 . 1 . . Tunnel 4 | . 2 . 1 1 . . . . . . Scanalyzers . | . . . . . . . . . . . Garrison Access 4 | . . . . 2 . 1 . 1 . . Broadcast 1 | . . . . 1 . . . . . . Reprogram 3 | . . . . 1 . 1 . 1 . . Data Cores Recovered 4 | . . . 2 1 . . . 1 . . Used . | . . . . . . . . . . . Hacking Detections 73 | . 10 1 16 11 1 13 3 13 1 4 Full Trace Events 3 | . . . . . . 2 . . . 1 Feedback Events . | . . . . . . . . . . . Feedback Blocked . | . . . . . . . . . . . Robot Schematics Acquired 3 | . . . . 2 . . . 1 . . Robots Built . | . . . . . . . . . . . Authchips . | . . . . . . . . . . . Time . | . . . . . . . . . . . Total Robot Build Rating . | . . . . . . . . . . . Part Schematics Acquired 6 | . . . 5 . . 1 . . . . Parts Built . | . . . . . . . . . . . Authchips . | . . . . . . . . . . . Time . | . . . . . . . . . . . Total Part Build Rating . | . . . . . . . . . . . Part Studies Acquired . | . . . . . . . . . . . Parts Repaired 15 | . 1 . 4 3 . 4 . 3 . . Time 621 | . 13 . 131 130 . 205 . 142 . . Parts Recycled . | . . . . . . . . . . . Recycled Matter . | . . . . . . . . . . . Retrieved Matter . | . . . . . . . . . . . Retrieved Components 57 | . 12 . 19 5 . 19 . 2 . . Parts Scanalyzed 6 | . . . 5 . . 1 . . . . Part Schematics Acquired 6 | . . . 5 . . 1 . . . . Parts Damaged 1 | . . . 1 . . . . . . . Bothacking | -11 -10 -10 -9 -9 -9 -8 -8 -8 -8 -8 ------------ Run | Yrd Mat Min Mat Sto Gar Mat Gar Mat Gar Mat Used RIF Installer . | . . . . . . . . . . . Robots Hacked 4 | . . . . 4 . . . . . . Non-combat 3 | . . . . 3 . . . . . . Combat 1 | . . . . 1 . . . . . . Robot Hacks Applied 5 | . . . . 5 . . . . . . parse_system 3 | . . . . 3 . . . . . . no_distress 1 | . . . . 1 . . . . . . check_alert 1 | . . . . 1 . . . . . . Relay Couplers Released 60 | . . . . . 30 . 22 . 8 . Machine Destruction 60 | . . . . . 30 . 22 . 8 . Fabnet Peak Effective % . | . . . . . . . . . . . Robots Rewired 11 | . . . . . 6 . 4 . 1 . Allies Hacked . | . . . . . . . . . . . Hacks Repelled . | . . . . . . . . . . . Allies | -11 -10 -10 -9 -9 -9 -8 -8 -8 -8 -8 -------- Run | Yrd Mat Min Mat Sto Gar Mat Gar Mat Gar Mat Total Allies 31 | . . 4 1 13 6 1 4 1 1 . Largest Group 12 | . . 3 3 12 10 8 3 1 1 . Highest-Rated Group 156 | . . 40 40 104 156 156 87 25 5 . Highest-Rated Ally 31 | . . 31 16 16 24 24 31 25 5 . Initial Warlord ECA Mod 24 | . . . . . . 11 11 20 20 24 Total Orders 93 | . . 2 6 9 54 8 12 2 . . STAY 33 | . . 1 4 5 13 3 6 1 . . FOLLOW 47 | . . 1 2 4 29 4 6 1 . . EXPLORE 12 | . . . . . 11 1 . . . . RETURN 1 | . . . . . 1 . . . . . Ally Attacks 270 | . . 8 46 20 76 90 30 . . . Total Damage 3638 | . . 123 440 150 759 1587 579 . . . Kills 47 | . . 1 6 3 10 20 7 . . . Allies Corrupted . | . . . . . . . . . . . Allies Melted . | . . . . . . . . . . . Intel | -11 -10 -10 -9 -9 -9 -8 -8 -8 -8 -8 ------- Run | Yrd Mat Min Mat Sto Gar Mat Gar Mat Gar Mat Active Infowar (turns) 5391 | 32 1436 71 35 . . 1282 1679 856 . . Sensors 436 | . . . . . . 436 . . . . Terrain 1574 | 32 1436 71 35 . . . . . . . Jamming 3381 | . . . . . . 846 1679 856 . . Robot Analysis Total 13 | . 3 2 1 3 . 1 . 3 . . Derelict Logs Recovered 1 | . . 1 . . . . . . . . Drone Launches 20 | . . . . 14 5 1 . . . . Drone Recoveries 6 | . . . . . 5 1 . . . . Exploration | -11 -10 -10 -9 -9 -9 -8 -8 -8 -8 -8 ------------- Run | Yrd Mat Min Mat Sto Gar Mat Gar Mat Gar Mat Turns Passed 24256 | 89 1436 1083 3792 6782 2168 3140 1686 1998 1207 875 Spaces Moved 12234 | 44 808 770 2122 3626 988 1378 809 1041 374 274 Core 7 | 7 . . . . . . . . . . Treads 630 | . . 60 . 1 13 . . . 298 258 Legs 383 | 37 346 . . . . . . . . . Wheels 11214 | . 462 710 2122 3625 975 1378 809 1041 76 16 Hover . | . . . . . . . . . . . Flight . | . . . . . . . . . . . Fastest Speed 50 | 50 110 115 115 150 165 165 150 135 150 160 Average Speed 158 | 122 143 124 151 158 167 165 155 151 223 235 Slowest Speed 320 | 190 190 240 170 320 320 165 165 165 320 250 Overloaded Moves . | . . . . . . . . . . . Propulsion Burnouts . | . . . . . . . . . . . Robots Hopped . | . . . . . . . . . . . Potential Cave-ins 19 | . . . 4 . . 15 . . . . Cave-ins Triggered . | . . . . . . . . . . . Exploration Rate (%) 70 | 3 97 99 94 95 93 84 78 70 40 21 Regions Visited 10 Branch Regions 2 Pre-discovered Areas 13 | . 2 2 5 2 . . . 2 . . Known Exits Taken 5 | . 1 1 . 1 . 1 . 1 . . Unknown Exits Taken 2 | 1 . . 1 . . . . . . . Scrap Searched 2 | . . 2 . . . . . . . . Spaces Dug 107 | . 3 . 10 2 2 47 13 13 12 5 Terrain Destroyed 246 | 9 16 . 31 13 11 72 25 23 28 18 Melee 70 | . . . 4 2 2 19 13 13 12 5 Projectile 46 | . 3 . 7 . . 32 . 4 . . AOE 130 | 9 13 . 20 11 9 21 12 6 16 13 Terrain Rammed . | . . . . . . . . . . . Walls Destroyed . | . . . . . . . . . . . Machines Disabled . | . . . . . . . . . . . Actions | -11 -10 -10 -9 -9 -9 -8 -8 -8 -8 -8 --------- Run | Yrd Mat Min Mat Sto Gar Mat Gar Mat Gar Mat Total 15865 | 63 986 871 2586 4567 1341 2026 1065 1348 598 414 Wait 2084 | . 98 68 312 716 104 427 44 205 59 51 Move 12224 | 43 807 769 2121 3625 987 1377 808 1040 373 274 Hop . | . . . . . . . . . . . Pick Up 146 | 7 14 10 32 19 6 23 8 10 7 10 Fast Attach 45 | 7 2 . 7 7 1 9 2 5 4 1 Attach 44 | . 4 . 8 5 2 8 3 5 4 5 Detach 6 | . . . 1 2 . 2 . 1 . . Swap 206 | . 11 3 19 30 36 27 34 14 16 16 Drop 110 | . 5 9 24 23 7 19 6 7 3 7 Fire 535 | 6 45 12 57 25 72 103 77 46 56 36 Melee 183 | . . . 5 33 24 26 29 15 37 14 Ram 1 | . . . . 1 . . . . . . Kick . | . . . . . . . . . . . Crush 2 | . . . . . . 1 . . 1 . Escape Stasis 105 | . . . . 8 36 . 49 . 12 . Rewire 98 | . . . . . 66 4 2 . 26 . Trap 69 | . . . . 66 . . 3 . . . Miscellaneous 7 | . . . . 7 . . . . . . Route ------- -11/Scrapyard -10/Materials (discovered 5 exits: *Mat x3 / *Min / [*Sub]) -10/Mines (discovered 3 exits: *Mat x2 / [*Exi]) -9/Materials (discovered 6 exits: *Mat x3 / *Min x2 / *Sto) -9/Storage (discovered 3 exits: *Mat / Rec / Gar) -9/Garrison (discovered 3 exits: *Mat x3) -8/Materials (discovered 4 exits: *Fac x3 / Gar) -8/Garrison (discovered 3 exits: *Mat x3) -8/Materials (discovered 4 exits: *Fac x3 / Gar) -8/Garrison (discovered 2 exits: *Mat x2) -8/Materials (discovered 2 exits: Fac x2) History --------- Turn | Location | Event 2 | -11/Scrapyard | Met Revision 17 23 | -11/Scrapyard | Discovered new exit (range 16) 90 | -11/Scrapyard | Entered Materials 313 | -10/Materials | Build established: Mutant 327 | -10/Materials | Discovered new exit (range 8) 644 | -10/Materials | Discovered new exit (range 16) 841 | -10/Materials | Discovered new exit (range 14) 887 | -10/Materials | Identified exit to Mines 961 | -10/Materials | Identified exit to Materials 1025 | -10/Materials | Learned 4 Subcaves zone layouts 1077 | -10/Materials | Learned location of 1 exit from Recycling 1114 | -10/Materials | Repaired Ion Engine 1117 | -10/Materials | Learned location of 2 exits from Subcaves 1182 | -10/Materials | Learned Storage stockpile data 1231 | -10/Materials | Learned location of 2 exits from Subcaves 1292 | -10/Materials | Discovered new exit (range 7) 1526 | -10/Materials | Entered Mines 1536 | -10/Mines | Escorted by a lone wolf Derelict 1556 | -10/Mines | Learned location of Storage (-9) 1613 | -10/Mines | Met a Derelict bent on vengeance 1682 | -10/Mines | Discovered exit to Materials (range 8) 1943 | -10/Mines | Deemed a non-threat by the Exiles lab entrance 1966 | -10/Mines | Discovered new exit (range 5) 2089 | -10/Mines | Discovered exit to Materials (range 7) 2249 | -10/Mines | Received a Rocket Launcher from a helpful Derelict 2291 | -10/Mines | Assisted by bots powering up and referring to "LRC-V3" 2322 | -10/Mines | Found a hidden stash of uninstalled traps 2547 | -10/Mines | Met a Derelict shopkeep closing up shop 2609 | -10/Mines | Entered Materials 2609 | -9/Materials | Accompanied by 3 allies 2609 | -9/Materials | Evolved 2 slots: Utility x2 2973 | -9/Materials | Discovered new exit (range 16) 3003 | -9/Materials | Discovered new exit (range 15) 3073 | -9/Materials | Discovered new exit (range 8) 3532 | -9/Materials | Central database locked down 3532 | -9/Materials | Discovered new exit (range 12) 3569 | -9/Materials | Build established: Scavenger-Mutant 3723 | -9/Materials | Discovered new exit (range 9) 3736 | -9/Materials | Learned Storage stockpile data 3788 | -9/Materials | Learned location of Recycling (-9) 3799 | -9/Materials | Identified exit to Mines 3799 | -9/Materials | Learned location of 1 exit from Materials 3801 | -9/Materials | Loaded intel: 19 trap records 3803 | -9/Materials | Learned 4 Recycling zone layouts 3804 | -9/Materials | Learned Storage terminal intel 3822 | -9/Materials | Learned location of Zion (-6) 4656 | -9/Materials | Learned Storage trap positions 4690 | -9/Materials | Learned location of 1 exit from Storage 4728 | -9/Materials | Learned location of 1 exit from Storage 4731 | -9/Materials | Learned Storage stockpile data 4732 | -9/Materials | Learned Materials security intel 4734 | -9/Materials | Learned 2 Storage zone layouts 4742 | -9/Materials | Learned location of 2 exits from Materials 5117 | -9/Materials | Repaired Broken Imp. Signal Interpreter 5144 | -9/Materials | Repaired Lgt. Armor Plating 5171 | -9/Materials | Repaired Lgt. Treads 5408 | -9/Materials | Build established: Mutant 5448 | -9/Materials | Identified exit to Materials 6203 | -9/Materials | Repaired Lgt. Armor Plating 6401 | -9/Materials | Entered Storage 6401 | -9/Storage | Accompanied by 2 allies 6403 | -9/Storage | Identified exit to Recycling 6405 | -9/Storage | Loaded intel: 17 trap records 6407 | -9/Storage | Loaded intel: 14 terminal locations 7458 | -9/Storage | Met 01-MTF 7899 | -9/Storage | Assisted by bots powering up and referring to "LRC-V3" 7943 | -9/Storage | Central database locked down 8029 | -9/Storage | Learned Materials garrison access intel 8104 | -9/Storage | Learned location of 2 exits from Materials 8193 | -9/Storage | Build established: Commander-Mutant 8296 | -9/Storage | Repaired Hvy. EM Shotgun 8333 | -9/Storage | Learned Materials stockpile data 8368 | -9/Storage | Learned location of 1 exit from Recycling 8412 | -9/Storage | Learned location of 1 exit from Recycling 8467 | -9/Storage | Learned Recycling recycling unit intel 8533 | -9/Storage | Learned Materials emergency access door positions 9006 | -9/Storage | Found 01-MTF's Shockpuncher 10901 | -9/Storage | Identified exit to Garrison 12163 | -9/Storage | Repaired Centrium Light Armor Plating 12180 | -9/Storage | Repaired Arm. Wheel 13183 | -9/Storage | Entered Garrison 13183 | -9/Garrison | Accompanied by 22 allies 13212 | -9/Garrison | Core integrity fell below 50% 13242 | -9/Garrison | Lost 5 allies 13349 | -9/Garrison | Triggered checkpoint 13399 | -9/Garrison | Triggered checkpoint 13401 | -9/Garrison | Garrison Relay disabled 13533 | -9/Garrison | Triggered checkpoint 13541 | -9/Garrison | Triggered checkpoint 13544 | -9/Garrison | Triggered checkpoint 13755 | -9/Garrison | Triggered checkpoint 13781 | -9/Garrison | Garrison Relay disabled 13990 | -9/Garrison | Garrison Relay disabled 14144 | -9/Garrison | Build established: Mutant 14293 | -9/Garrison | Spotted B-75 Beast 14314 | -9/Garrison | Destroyed B-75 Beast 14446 | -9/Garrison | Triggered checkpoint 14472 | -9/Garrison | Garrison Relay disabled 14921 | -9/Garrison | Core integrity fell below 20% 14988 | -9/Garrison | Garrison Relay disabled 14992 | -9/Garrison | Garrison Relay disabled 14996 | -9/Garrison | Garrison Relay disabled 15001 | -9/Garrison | Garrison Relay disabled 15335 | -9/Garrison | Build established: Commander-Mutant 15351 | -9/Garrison | Entered Materials 15351 | -8/Materials | Accompanied by 13 allies 15351 | -8/Materials | Evolved 2 slots: Utility x2 15352 | -8/Materials | Identified exit to Factory 15356 | -8/Materials | Loaded intel: 1 garrison access location 15668 | -8/Materials | Repaired Drone Bay 15721 | -8/Materials | Repaired Cld. Ion Engine 15751 | -8/Materials | First assault squad dispatched 15782 | -8/Materials | Repaired Hvy. EM Shotgun 15828 | -8/Materials | Repaired Adv. Assault Cannon 15866 | -8/Materials | Lost 6 allies 15903 | -8/Materials | Garrison activated, responded to threat 15980 | -8/Materials | Identified exit to Garrison 16095 | -8/Materials | Garrison activated, responded to threat 16160 | -8/Materials | Lost 3 allies 16442 | -8/Materials | Build established: Mutant 17992 | -8/Materials | Learned location of 1 exit from Storage 18033 | -8/Materials | Learned 4 Recycling zone layouts 18089 | -8/Materials | Learned 4 Factory zone layouts 18103 | -8/Materials | Learned Factory emergency access door positions 18155 | -8/Materials | Learned Factory fabricator intel 18491 | -8/Materials | Entered Garrison 18491 | -8/Garrison | Accompanied by 1 ally 18492 | -8/Garrison | Identified exit to Materials 18733 | -8/Garrison | Triggered checkpoint 18799 | -8/Garrison | Garrison Relay disabled 18885 | -8/Garrison | Triggered checkpoint 18971 | -8/Garrison | Triggered checkpoint 18984 | -8/Garrison | Destroyed 7 combat bots 19047 | -8/Garrison | Discovered exit to Materials (range 14) 19169 | -8/Garrison | Triggered checkpoint 19308 | -8/Garrison | Garrison Relay disabled 19544 | -8/Garrison | Build established: Scavenger-Mutant 19551 | -8/Garrison | Discovered exit to Materials (range 10) 19627 | -8/Garrison | Triggered checkpoint 19707 | -8/Garrison | Triggered checkpoint 19718 | -8/Garrison | Core integrity fell below 50% 19765 | -8/Garrison | Learned Materials security intel 20055 | -8/Garrison | Garrison Relay disabled 20177 | -8/Garrison | Entered Materials 20177 | -8/Materials | Accompanied by 1 ally 20234 | -8/Materials | Build established: Mutant 20883 | -8/Materials | Learned Factory emergency access door positions 20951 | -8/Materials | Learned 2 Storage zone layouts 21113 | -8/Materials | Learned Storage emergency access door positions 21336 | -8/Materials | Repaired Enh. Autogun? 21653 | -8/Materials | Repaired Lyr. Light Armor Plating 21692 | -8/Materials | Repaired Arm. Treads 21821 | -8/Materials | Unchained authorized (CL-0N3) 22137 | -8/Materials | T-07 Excavator reconstituted as Lightning 22138 | -8/Materials | System corruption reached 10% 22138 | -8/Materials | Spotted Lightning 22170 | -8/Materials | Identified exit to Garrison 22175 | -8/Materials | Entered Garrison 22245 | -8/Garrison | Triggered checkpoint 22318 | -8/Garrison | Garrison Relay disabled 22327 | -8/Garrison | Learned Materials security intel 22674 | -8/Garrison | Core integrity fell below 20% 22701 | -8/Garrison | Destroyed 7 combat bots 22823 | -8/Garrison | Triggered checkpoint 22894 | -8/Garrison | Build established: Scavenger-Mutant 22937 | -8/Garrison | Triggered checkpoint 23047 | -8/Garrison | Garrison Relay disabled 23102 | -8/Garrison | Discovered new exit (range 10) 23181 | -8/Garrison | Triggered checkpoint 23234 | -8/Garrison | Discovered new exit (range 6) 23382 | -8/Garrison | Entered Materials 23893 | -8/Materials | Lost 3 parts (1p1u1w) 24257 | -8/Materials | Destroyed by H-55 Commando with Gauss Rifle Last Messages --------------- 24160_ Acquired 33 matter. 24163_ Acquired 10 matter. 24170_ K-01 Serf cleans the Processing Tank. 24181_ System corrupted: Matter fused (-8). 24196_ 6SM#27KLYCDU:/HEL QB TDOTLJ9ZQE 24197_ Acquired Unknown Ballistic Cannon. 24198_ Identified Flak Cannon. 24206_ Discarded Lgt. Treads. 24209_ Dropped Lgt. Treads. 24212_ Acquired Arm. Treads. 24213_ Dropped Adv. Assault Cannon. 24216_ Acquired Flak Cannon. 24225_ System corrupted: Heat flow error (+123). 24226_ Dropped Imp. Ion Engine. 24227_ Acquired Com. Wheel. 24241_ AY17|W9S44YDEAEFYOSTH%S4 24247_ R-06 Scavenger collects Imp. Hover Unit. 24257_ System corrupted: Lyr. Light Armor Plating rejected. 24257_ Penetrated by Slug. Map ----- +----------------------------------------------------+ | ?????????????????????????????????????????? | | ?????????????????????????????????????????? | | ?????????????????????????????????????????? | | ?????????????????????????????????????????? | | ?????????????????????????????????????????? | | ?????????????????????????????????????????? | | ?????????????????????????????????????????? | | ??????????????? ?????????????????????????? | | ?????????????? #?????????????????????? | | ?????????????? #?????????????????????? | | ?????????????? #?????????????????????? | | ?????????????# #?????????????????????? | | ?????????????# #?????????????????????? | | ?????????????# #?????????????????????? | | ?????????????+ #??##?????????????????? | | ?????????????# #?? ?????????????????? | | ?????????????# #?# ?????????????????? | | ???????#+???## ## ?????????????????? | | ???????# ???# # ?????????????????? | | ???????# #### # ?????????????????? | | ???????# # ?????????????????? | | ???????+ % ! # ?????????????????? | | ???????# [ ! ## #?????????????????? | | ???????### ## ## #?????????????????? | | ?????????# ## k ## #?????????????????? | | ???????###+#### @#### #?????????????????? | | ???????# ! # #??# #?????????????????? | | ???????# """ + #??# #?????????????????? | | ???????# """ # h#### ###???????????????? | | ???????# =""" # a## #???????????????? | | ???????# """ # "" #???????????????? | | ???????# """/# t T #######?????????? | | ???????# ! # # #?????????? | | ???????# = ###### [! # "T" #?????????? | | ???????# * #????### ### #?????????? | | ???????# ] ####???#%#?# #?????????? | | ???????#= =] # ??#*### #?????????? | | ???????# ] # ###% *#! #?????????? | | ??????# # [! !/%""" #?????????? | | ??????######### [ # """ #?????????? | | ??????????????# = # """ #?????????? | | ??????????????# %"T" # #?????????? | | ??????????????# """ #######?????????? | | ??????????????# ??? | | ??????????????# % %#######?????????? | | ??????????????# ###+#######??????????? | | ??????????????## # % #??????????? | | ???????????????# # """ """ #??????????? | | ?????????????? + # """ """ #??????????? | | ?????????????? # # """ """ #??????????? | +----------------------------------------------------+ Best States ------------- Heat Dissipation 45 Energy Generation 14 Energy Capacity 280 Matter Stores 300 Matter Capacity 300 Sight Range 16 Robot Scan Range 15 Terrain Scan Range 16 Terrain Scan Density 10 Jamming Range 12 Armor Coverage 375 Core Shielding 20 Evasion (%) 55 Targeting Accuracy 8 Target Analysis 5 Core Analysis 6 Recoil Reduction 6 Particle Charging 15 Offensive Hacking 10 Defensive Hacking 20 Authchip Count 2 Trap Extractor Capacity 4 Item Schematics ----------------- Hvy. EM Shotgun | -9/Materials | Scanalyzed Plasma Cutter | -9/Materials | Scanalyzed Arm. Wheel | -9/Materials | Scanalyzed Lrg. Storage Unit | -9/Materials | Scanalyzed Imp. Signal Interpreter | -9/Materials | Scanalyzed Centrium Light Armor Plating | -8/Materials | Scanalyzed Robot Schematics ------------------ Y-45 Defender | -9/Storage | Hacked K-01 Serf | -9/Storage | Hacked O-24 Administrator | -8/Materials | Hacked Fabricated ------------ Nothing Repaired ---------- Ion Engine | 6% | -10/Materials Imp. Signal Interpreter | 99% | -9/Materials | Broken Lgt. Armor Plating | 80% | -9/Materials Lgt. Treads | 75% | -9/Materials Lgt. Armor Plating | 68% | -9/Materials Hvy. EM Shotgun | 51% | -9/Storage Centrium Light Armor Plating | 79% | -9/Storage Arm. Wheel | 60% | -9/Storage Drone Bay | 8% | -8/Materials Cld. Ion Engine | 41% | -8/Materials Hvy. EM Shotgun | 57% | -8/Materials Adv. Assault Cannon | 55% | -8/Materials Enh. Autogun | 9% | -8/Materials Lyr. Light Armor Plating | 33% | -8/Materials Arm. Treads | 71% | -8/Materials Studied --------- None Alien Tech Used ----------------- None Achievements -------------- Let Me Out Of Here Challenges ------------ None Game ------ Seed SegregatorArcsightMultitool Manual? 0 Play Time 03:33:30 Cumulative 864.6 hours Start 2025.12.14 @ 01:51:51 End 2025.12.17 @ 10:22:05 Sessions 5 Manual Loads 0 Difficulty Rogue Special Mode None Game No. 553 Rogue 553 Adventurer 0 Explorer 0 Win Type - Total 1 Types 1/0/0/0/0/0/0/0/0/0 Lore% 79 Gallery% 72 Achievement% 52 Wizard Run 0 Options --------- Layout 1 ASCII 0 Keyboard 0 Movement Mouse Keybinds 0 Fullscreen 1 Font 20/SmallcapsGlow Map View 54x42 Zoom Use 0% Tactical HUD 1 Map Filters NONE Filters NONE Steam 1 RUN: 7829254e-5a4b-4887-980b-3b222f22990c